 Dungeon Crawl Stone Soup version 0.30-a0-528-g8c47a4955b (webtiles) character file.

Game seed: 5417111651946169910

486 drugrobin the Ruffian (level 6, -1/50 HPs)
             Began as a Demigod Delver on Dec 24, 2022.
             Slain by an ogre
             ... wielding a +0 giant spiked club
              (16 damage)
             ... on level 4 of the Dungeon.
             The game lasted 00:10:21 (3443 turns).

drugrobin the Ruffian (Demigod Delver)              Turns: 3443, Time: 00:10:21

Health: -1/50      AC: 19    Str: 21    XL:     6   Next: 57%
Magic:  8/8        EV:  3    Int: 12    God:
Gold:   273        SH:  0    Dex: 15    Spells: 5/5 levels left

rFire   + . .      SeeInvis +      - Unarmed
rCold   + . .      Faith    .    (no shield)
rNeg    . . .      Spirit   .    u - +0 gold dragon scales
rPois   +          Reflect  .    B - +2 helmet {SInv}
rElec   .          Harm     .    (no cloak)
rCorr   +          Rampage  .    (no gloves)
Will    .....                    D - +2 pair of boots Stlth
                                 (no amulet)
HPRegen 0.28/turn                m - ring of poison resistance
MPRegen 0.11/turn                s - ring of resist corrosion

@: no status effects
A: high MP 1, forlorn, divine attributes
a: no special abilities


You were on level 4 of the Dungeon.
You visited 1 branch of the dungeon, and saw 5 of its levels.

You collected 273 gold pieces.

Inventory:

Hand Weapons
 b - a +1 sling of freezing
 d - a +0 whip of electrocution
Armour
 u - +0 gold dragon scales (worn)
 z - the +1 pair of boots "Peplits" {Harm rN+ Regen+}
   (You found it on level 2 of the Dungeon)

   rN:        It protects you from negative energy.
   Regen:     It increases your rate of health regeneration.
   Harm:      It increases damage dealt and taken.
 B - a +2 helmet of see invisible (worn)
 D - a +2 pair of boots (worn)
Jewellery
 i - a ring of ice
 m - a ring of poison resistance (left hand)
 s - a ring of resist corrosion (right hand)
Wands
 f - a wand of digging (3)
 y - a wand of flame (14)
Scrolls
 c - 3 scrolls of magic mapping
 g - 2 scrolls of acquirement {unknown}
 j - a scroll of blinking {unknown}
 k - 2 scrolls of fog
 n - a scroll of enchant armour {unknown}
 o - 5 scrolls of teleportation {unknown}
 p - 2 scrolls of poison {unknown}
 r - 3 scrolls of identify {unknown}
 t - a scroll of enchant weapon {unknown}
 v - 2 scrolls of torment {unknown}
Potions
 a - a potion of ambrosia {unknown}
 e - 2 potions of haste
 h - 2 potions of curing {unknown}
 l - 2 potions of brilliance {unknown}
 w - a potion of flight {unknown}
 x - a potion of attraction {unknown}
 A - a potion of degeneration {unknown}
 C - 2 potions of heal wounds {unknown}


   Skills:
 - Level 2.6 Fighting
 + Level 2.5 Armour
 - Level 1.7 Dodging
 - Level 4.5 Stealth
 * Level 6.2 Unarmed Combat


You had 5 spell levels left.
You didn't know any spells.
Your spell library contained the following spells:

 Spells                   Type           Power      Damage    Failure   Level
 Ensorcelled Hibernation  Hex/Ice        0%         N/A       100%        2
 Passwall                 Tmut/Erth      0%         N/A       100%        2
 Swiftness                Air            0%         N/A       100%        3
 Summon Lightning Spire   Summ/Air       0%         N/A       100%        4
 Storm Form               Tmut/Air       0%         N/A       100%        7
 Maxwell's Capacitive Co  Air            0%         ∞         100%        8


Dungeon Overview and Level Annotations

Branches:
Dungeon (5/15)
 Temple: D:4-7

Annotations:
D:4 exclusion: howler monkey


Innate Abilities, Weirdness & Mutations

You have an increased reservoir of magic. (+10% MP)
You shall have no god before yourself.
Your divine heritage dramatically boosts your attributes as you level up.


Message History

The ogre hits you with a +0 giant spiked club!
Unknown command.
The hound bites you but does no damage.
There is a stone staircase leading up here.
The hound bites you but does no damage.
You climb upwards.
There is a stone staircase leading down, spattered with blood here.
You hit the hound.
The hound is moderately wounded.
The hound bites you. The hound bites you but does no damage.
You hit the hound but do no damage.
The hound is moderately wounded.
The hound bites you but does no damage.
You hit the hound but do no damage.
The hound is moderately wounded.
The hound bites you but does no damage.
You punch the hound!
You kill the hound!
You start resting.
HP restored.
You start removing your armour.
You continue taking off the +1 pair of boots "Peplits" {Harm rN+ Regen+}. x4
You finish taking off the +1 pair of boots "Peplits" {Harm rN+ Regen+}.
You start putting on your armour.
You continue putting on your +2 pair of boots. x5
You finish putting on your +2 pair of boots.
Unknown command.
Unknown command.
Unknown command.
There is a stone staircase leading down, spattered with blood here.
You climb downwards.
Level annotation: exclusion: howler monkey The ogre hits you with a +0 giant spiked club!
There is a stone staircase leading up, spattered with blood here.
The ogre attacks as you move away!
The ogre hits you with a +0 giant spiked club!!
* * * LOW HITPOINT WARNING * * *
The ogre attacks as you move away!
The ogre hits you with a +0 giant spiked club!
You die...

#................#.#.#
#......##.....##......
#..........(.......#..
#.......#.###.#....#..
#.....>............#..
#.<....##.....##......
#................#.#.#
#).(O..#.#...#.#.#.†.#
#>...@..)#.#.#........
#.....##..[[[..##.....
#..........#..........
#.....#....#....#.###.
#..........#..........
#.....##.......##.....
#........#.#.#........
#...[..#.#...#.#.#...#
#................#.#.#


You could see an ogre.

Vanquished Creatures
  A centaur (D:5)
  A howler monkey (D:4)
  A hound (D:3)
  An orc priest (D:3)
  An iguana (D:4)
  5 orc wizards
  Robin (D:2)
  3 adders
  2 worms
  2 dart slugs (D:4)
  17 orcs
  4 ball pythons
  4 endoplasms
  3 giant cockroaches
  15 goblins
  8 hobgoblins
  6 jackals
  6 kobolds
  3 quokkas (D:1)
  6 bats
  3 frilled lizards
  3 rats (D:1)
96 creatures vanquished.

Notes
Turn   | Place    | Note
-------+----------+-------------------------------------------
     0 | D:5      | drugrobin the Demigod Delver began the quest for the Orb.
     0 | D:5      | Reached XP level 1. HP: 18/18 MP: 3/3
    31 | D:5      | Noticed a centaur
   150 | D:3      | Reached skill level 2 in Unarmed Combat
   338 | D:4      | Noticed a howler monkey
   338 | D:4      | Noticed an orc wizard
   419 | D:2      | Noticed Robin
   507 | D:3      | Noticed an orc wizard
   511 | D:3      | Killed an orc wizard
   512 | D:3      | Reached skill level 3 in Unarmed Combat
   512 | D:3      | Reached XP level 2. HP: 25/25 MP: 4/4
   520 | D:3      | Reached XP level 3. HP: 27/30 MP: 5/5
   706 | D:3      | Reached skill level 4 in Unarmed Combat
   803 | D:3      | Reached XP level 4. HP: 26/37 MP: 6/6
  2071 | D:2      | Killed Robin
  2245 | D:2      | Identified the +1 pair of boots "Peplits" {Harm rN+ Regen+}
  2588 | D:3      | Reached XP level 5. HP: 42/42 MP: 7/7
  2742 | D:4      | Reached skill level 1 in Armour
  2742 | D:4      | Reached skill level 5 in Unarmed Combat
  2930 | D:4      | Reached XP level 6. HP: 50/50 MP: 8/8
  3337 | D:5      | Reached skill level 6 in Unarmed Combat
  3443 | D:4      | Slain by an ogre

Illustrated notes

Levels and vault maps discovered:
D:1:      ebering_trefoil_twist, layout_rooms, nrook_campfire, minivault_27,
          minmay_split_cup_small
D:2:      kennysheep_the_goblin_king, layout_basic,
          wander_ebering_terrifying_dragon_lair, uniq_robin
D:3:      layout_basic
D:4:      nicolae_cairo_tiling_large_dashed, layout_gridville,
          minmay_fountain_box
D:5:      layout_loops_ring

Skill      XL: |  1  2  3  4  5  6 |
---------------+-------------------+-----
Unarmed Combat | 3 4 5 6 |  6.2
Armour         | 1 2 |  2.5
Fighting       | |  2.6
Dodging        | |  1.7
Stealth        | |  4.5

Action                   |  1- 3 |  4- 6 || total
-------------------------+-------+-------++-------
Melee: Unarmed           |    48 |   323 ||   371
       Punch             |     1 |     6 ||     7
 Fire: Sling             |    15 |     1 ||    16
  Use: Scroll            |     2 |       ||     2
 Stab: Sleeping          |     2 |     5 ||     7
       Distracted        |     1 |       ||     1
Armor: Leather armour    |     9 |    42 ||    51
       Gold dragon scale |       |   169 ||   169
Dodge: Dodged            |    26 |   114 ||   140

Table legend: (Time is in decaauts)
 A = Elapsed time spent in this place.
 B = Non-inter-level travel time spent in this place.
 C = Inter-level travel time spent in this place.
 D = Time resting spent in this place.
 E = Time spent auto-exploring this place.
 F = Levels seen in this place.
 G = Mean time per level.
                   A        B        C        D        E       F      G
               +--------+--------+--------+--------+--------+-----+--------+
         Total |   3417 |   3286 |    131 |     63 |   1847 |   5 |  683.4 |
       Dungeon |   3417 |   3286 |    131 |     63 |   1847 |   5 |  683.4 |
               +--------+--------+--------+--------+--------+-----+--------+

Top non-repeatable levels by time:
     D:3: 1238 daAuts
     D:2: 743 daAuts
     D:4: 654 daAuts
     D:1: 651 daAuts
     D:5: 129 daAuts
